 Dungeon Crawl Stone Soup version 0.26-a0-519-gb2f46efeda (webtiles) character file.

Game seed: 13747303248840025662

25 ReteAZ the Chiller (level 2, 0/20 HPs)
             Began as a Draconian Ice Elementalist on Aug 10, 2020.
             Succumbed to a kobold's poison
             ... on level 1 of the Dungeon.
             The game lasted 00:01:55 (928 turns).

ReteAZ the Chiller (Draconian Ice Elementalist)      Turns: 928, Time: 00:01:56

Health: 0/20       AC:  7    Str: 10    XL:     2   Next: 86%
Magic:  3/5        EV: 12    Int: 15    God:
Gold:   17         SH:  0    Dex: 11    Spells: 4/5 levels left

rFire    . . .     SeeInvis .   c - +2 hand axe (venom)
rCold    . . .     Faith    .   (no shield)
rNeg     . . .     Spirit   .   (armour unavailable)
rPois    .         Reflect  .   (helmet restricted)
rElec    .         Harm     .   (no cloak)
rCorr    .                      d - +2 pair of gloves
MR       .....                  (no boots)
Stlth    ++........             (no amulet)
HPRegen  0.06/turn              (no ring)
MPRegen  0.09/turn              (no ring)

@: lethally poisoned (0 -> -7)
A: unfitting armour, talons 1, cold-blooded, MP-powered wands, AC +4
a: no special abilities


You were on level 1 of the Dungeon.
You visited 1 branch of the dungeon, and saw 1 of its levels.

You collected 17 gold pieces.

Inventory:

Hand Weapons
 c - a +2 hand axe of venom (weapon)
Armour
 d - a +2 pair of gloves (worn)
Potions
 a - a potion of mutation


   Skills:
 - Level 1.7 Dodging
 - Level 1.7 Stealth
 + Level 2.4 Spellcasting
 * Level 4.6 Ice Magic


You had 4 spell levels left.
You knew the following spells:

 Your Spells              Type           Power        Failure   Level
a - Freeze                Ice            ###.         3%          1

Your spell library contained the following spells:

 Spells                   Type           Power        Failure   Level
 Frozen Ramparts          Ice            ###...       10%         3
 Ozocubu's Armour         Ice            ###.....     10%         3
 Hailstorm                Conj/Ice       #.......     63%         4
 Summon Ice Beast         Ice/Summ       #.......     63%         4


Dungeon Overview and Level Annotations

Branches:
Dungeon (1/15)

Altars:


Innate Abilities, Weirdness & Mutations

Your plain brown scales are hard. (AC +4)
You cannot fit into any form of body armour.
You are cold-blooded and may be slowed by cold attacks.
You have sharp toenails.
You expend magic power (3 MP) to strengthen your wands.


Message History

You kill the kobold!
* * * LOW HITPOINT WARNING * * *
You feel sick.
There is a lethal amount of poison in your body!
There is a lethal amount of poison in your body!
Okay, then.
As you read the scroll labeled BODIAZ ANKIEQI, it crumbles to dust.
You hear a loud clanging noise!
It was a scroll of noise.
* * * LOW HITPOINT WARNING * * *
You feel sick.
* * * LOW HITPOINT WARNING * * *
You feel sick.
Things that are here:
a +0 hunting sling; 16 poisoned darts; 7 gold pieces You see here a poisoned dart.
* * * LOW HITPOINT WARNING * * *
You feel sick.
You see here a poisoned dart.
You die...

..#...............#.#
..##......#.... #.#.#
..#.#.#...#.#.. #.#.#
..#...#...#.#.. #.#.#
..#.###...# #.. #.#.#
.........(# #.. #.#.#
.##.####..# #.#
....#.....#######(#
.####.##..(†(..)@.#
.####+####)########
.#................
.#†...............
)#.....K..........
.#................
..................
..........###.####
.....##### +#


There were no monsters in sight!

Vanquished Creatures
  An ooze (D:1)
  2 dart slugs (D:1)
  2 leopard geckos (D:1)
  5 bats (D:1)
  A hobgoblin (D:1)
  A goblin (D:1)
  3 kobolds (D:1)
  2 rats (D:1)
17 creatures vanquished.

Notes
Turn   | Place    | Note
-------+----------+-------------------------------------------
     0 | D:1      | ReteAZ the Draconian Ice Elementalist began the quest for
                  | the Orb.
     0 | D:1      | Reached XP level 1. HP: 14/14 MP: 3/3
   153 | D:1      | Reached XP level 2. HP: 17/20 MP: 0/5
   917 | D:1      | Gained mutation: You expend magic power (3 MP) to
                  | strengthen your wands. [potion of mutation]
   917 | D:1      | Gained mutation: You have sharp toenails. [potion of
                  | mutation]
   927 | D:1      | HP: 1/20 [poisoned by a kobold]
   928 | D:1      | Succumbed to a kobold's poison

Illustrated notes

Levels and vault maps discovered:
D:1:      tarquinn_simple_flora_water_c, layout_basic

Action                   || total
-------------------------++-------
Melee: Unarmed           ||    34
       Hand axe          ||     6
       Tailslap          ||     3
 Cast: Freeze            ||    18
  Use: Scroll            ||     1
       Potion            ||     1
 Stab: Sleeping          ||     1
Armor: Skin              ||    24
Dodge: Dodged            ||    49

Table legend: (Time is in decaauts)
 A = Elapsed time spent in this place.
 B = Non-inter-level travel time spent in this place.
 C = Inter-level travel time spent in this place.
 D = Time resting spent in this place.
 E = Time spent auto-exploring this place.
 F = Levels seen in this place.
 G = Mean time per level.
                   A        B        C        D        E       F      G
               +--------+--------+--------+--------+--------+-----+--------+
         Total |    929 |    925 |      4 |    264 |    471 |   1 |  929.0 |
       Dungeon |    929 |    925 |      4 |    264 |    471 |   1 |  929.0 |
               +--------+--------+--------+--------+--------+-----+--------+

Top non-repeatable levels by time:
     D:1: 929 daAuts
